 Dungeon Crawl Stone Soup version 0.32-a0-868-g153ae1a8d6 (webtiles) character file.

Game seed: 8587982224529628971

160 zenocrate the Insei (level 5, 0/31 HPs)
             Began as an Octopode Earth Elementalist on Mar 28, 2024.
             Slain by an orc wizard
             ... wielding a +0 dagger
              (4 damage)
             ... on level 3 of the Dungeon.
             The game lasted 00:01:55 (1862 turns).

zenocrate the Insei (Octopode Earth Elementalist)   Turns: 1862, Time: 00:01:55

Health: 0/31       AC:  1    Str:  6 (9)  XL:     5   Next: 41%
Magic:  2/8        EV: 12    Int: 16 (17) God:
Gold:   129        SH:  0    Dex: 11 (13) Spells: 4/8 levels left

rFire   . .          .
                       - Unarmed
rCold   . . .        (no shield)
rNeg    . . .        (helmet restricted)
rPois   .            (no amulet)
rElec   .            (no ring)
rCorr   .            (no ring)
SInv    .            (no ring)
Will    .....        (no ring)
Stlth   +++          (no ring)
HPRegen 0.25/turn    (no ring)
MPRegen 0.11/turn    (no ring)
                     (no ring)

%: no passive effects
@: about to teleport, very slightly contaminated
A: almost no armour, amphibious, 8 rings, camouflage 1, gelatinous body 1,
(nimble swimmer 1), tentacles
a: no special abilities


You were on level 3 of the Dungeon.
You visited 1 branch of the dungeon, and saw 3 of its levels.

You collected 129 gold pieces.

Inventory:

Jewellery
 g - a ring of fire
Talismans
 b - a dragon-blood talisman
Scrolls
 c - a scroll of teleportation
 e - a scroll of fear {unknown}
 f - a scroll of blinking {unknown}
 i - 2 scrolls of identify {unknown}
Potions
 a - a potion of magic
 d - 3 potions of degeneration


   Skills:
 - Level 2.0 Dodging
 - Level 2.6 Stealth
 * Level 3.7 Unarmed Combat
 - Level 2.0 Spellcasting
 - Level 1.0 Conjurations
 - Level 3.0 Earth Magic
 + Level 2.6 Shapeshifting


You had 4 spell levels left.
You knew the following spells:

 Your Spells              Type           Power      Damage    Failure   Level
a - Sandblast             Erth           22%        2d7       6%          1
b - Stone Arrow           Conj/Erth      16%        3d8       26%         3

Your spell library contained the following spells:

 Spells                   Type           Power      Damage    Failure   Level
 Passwall                 Erth           11%        N/A       19%         3
 Brom's Barrelling Bould  Conj/Erth      8%         2d3       65%         4
 Petrify                  Alch/Erth      6%         N/A       73%         4
 Borgnjor's Vile Clutch   Necr/Erth      3%         N/A       97%         5
 Alistair's Intoxication  Alch           0%         N/A       99%         5
 Eringya's Noxious Bog    Alch           0%         4d6       100%        6


Dungeon Overview and Level Annotations

Branches:
Dungeon (3/15)

Altars:
Dithmenos


Innate Abilities, Weirdness & Mutations

You cannot wear most types of armour.
You are amphibious.
You can wear up to eight rings at the same time.
Your skin changes colour to match your surroundings (Stealth+).
Your rubbery body absorbs attacks. (AC +1, EV +1)
((You are camouflaged when in or above water. (Stealth+)))
You have tentacles for arms and can constrict up to eight enemies at once.


Message History

The orc hits you with a +0 dagger.
You miss something. Something hits you. The orc closely misses you.
Unknown command.
You bump into the rock wall.
You feel less confused. Something hits you. The orc barely misses you.
Unknown command.
You tentacle-slap the orc but do no damage.
You grab the orc.
The orc is almost dead.
You constrict the orc.
You kill the orc!
Something hits you.
Unknown command.
You tentacle-slap something. Something completely misses you.
Unknown command.
Attack: -) Tentacles
Press: ? - help, Dir - move target, f - you
Okay, then.
Okay, then.
Okay, then.
As you read the scroll of teleportation, it crumbles to dust.
You feel strangely unstable. Something hits you.
* * * LOW HITPOINT WARNING * * *
Unknown command.
Casting: Sandblast (safe; 6% risk of failure)
Confirm with . or Enter, or press ? or * to list all spells.
Aiming: Stone Arrow (quite dangerous; 26% risk of failure)
Press: ? - help, Shift-Dir - straight line You miscast Stone Arrow.
You are very lightly contaminated with residual magic.
Nothing appears to happen.
Something hits you.
* * * LOW HITPOINT WARNING * * *
Unknown command.
Casting: Stone Arrow (quite dangerous; 26% risk of failure)
Confirm with . or Enter, or press ? or * to list all spells.
Aiming: Stone Arrow (quite dangerous; 26% risk of failure)
Press: ? - help, Shift-Dir - straight line You miscast Stone Arrow.
Nothing appears to happen.
Something hits you.
You die...

#.# ... ##.##
##...## ..... ...
#)# #)### ### #@{.#
..# #+# ###.# #.##
#.# #.# #..###.# #.#
#.#.##.## #.#
<###..).## ##### #.#
#.#......###...###.#
#..##.....##.#.....#
...............#####


There were no monsters in sight!

Vanquished Creatures
  An ogre (D:3)
  An adder (D:2)
  A dart slug (D:1)
  4 orcs (D:3)
  7 bats
  4 endoplasms
  3 giant cockroaches
  4 goblins (D:2)
  4 hobgoblins (D:1)
  4 jackals (D:1)
  3 quokkas
  4 ball pythons
  2 frilled lizards
  2 kobolds
  11 rats
55 creatures vanquished.

Notes
Turn   | Place    | Note
-------+----------+-------------------------------------------
     0 | D:1      | zenocrate the Octopode Earth Elementalist began the quest
                  | for the Orb.
     0 | D:1      | Reached XP level 1. HP: 11/11 MP: 3/3
   228 | D:1      | Reached skill level 1 in Unarmed Combat
   228 | D:1      | Reached XP level 2. HP: 9/17 MP: 3/5
   279 | D:1      | Reached skill level 1 in Shapeshifting
   593 | D:1      | Reached XP level 3. HP: 21/21 MP: 6/6
   601 | D:1      | Learned a level 3 spell: Stone Arrow
  1129 | D:2      | Reached XP level 4. HP: 23/27 MP: 7/7
  1722 | D:3      | Found a shadowy altar of Dithmenos.
  1731 | D:3      | Noticed an ogre
  1743 | D:3      | Killed an ogre
  1744 | D:3      | Reached XP level 5. HP: 31/31 MP: 1/8
  1862 | D:3      | Slain by an orc wizard

Illustrated notes

Levels and vault maps discovered:
D:1:      dpeg_arrival_rhombi, layout_basic, serial_bayou_lagoon_a,
          grunt_decor_mini_mirrors, st_stairs_5
D:2:      layout_loops_corners
D:3:      minmay_diamond_boxcup, layout_loops_corners,
          nicolae_dithmenos_through_a_glass_darkly,
          dreamdust_ecumenical_altar_angels_and_demons,
          wander_ebering_terrifying_dragon_lair

Skill      XL: |  1  2  3  4 |
---------------+-------------+-----
Unarmed Combat | 1 2 3 |  3.7
Shapeshifting  | 1 2 |  2.6
Dodging        | |  2.0
Stealth        | |  2.6
Spellcasting   | |  2.0
Conjurations   | |  1.0
Earth Magic    | |  3.0

Action                     |  1- 3 |  4- 6 || total
---------------------------+-------+-------++-------
  Melee: Unarmed           |    68 |    31 ||    99
         Constrict         |    26 |    10 ||    36
         Tentacles         |    13 |     5 ||    18
         Punch             |     5 |     2 ||     7
   Cast: Sandblast         |    10 |     1 ||    11
         Stone Arrow       |       |     2 ||     2
    Use: Scroll            |     1 |     1 ||     2
         Potion            |       |     2 ||     2
   Stab: Sleeping          |     4 |     1 ||     5
         Distracted        |     2 |       ||     2
 Armour: Skin              |    30 |    30 ||    60
  Dodge: Dodged            |    56 |    20 ||    76

Table legend: (Time is in decaauts)
 A = Elapsed time spent in this place.
 B = Non-inter-level travel time spent in this place.
 C = Inter-level travel time spent in this place.
 D = Time resting spent in this place.
 E = Time spent auto-exploring this place.
 F = Levels seen in this place.
 G = Mean time per level.
                   A        B        C        D        E       F      G
               +--------+--------+--------+--------+--------+-----+--------+
         Total |   1862 |   1826 |     36 |      0 |   1471 |   3 |  620.7 |
       Dungeon |   1862 |   1826 |     36 |      0 |   1471 |   3 |  620.7 |
               +--------+--------+--------+--------+--------+-----+--------+

Top non-repeatable levels by time:
     D:2: 895 daAuts
     D:1: 827 daAuts
     D:3: 139 daAuts
